 Dungeon Crawl Stone Soup version 0.29.0-4-gdea44cf6ec (webtiles) character file.

Game seed: 4345951495758680952

389 Axelsxxd the Insei (level 6, 0/41 HPs)
             Began as an Octopode Transmuter on Aug 27, 2022.
             Slain by an adder (3 damage)
             ... in a sewer.
             The game lasted 00:12:09 (4766 turns).

Axelsxxd the Insei (Octopode Transmuter)            Turns: 4766, Time: 00:12:10

Health: 0/41       AC:  1    Str: 11    XL:     6   Next: 79%
Magic:  10/11      EV: 13    Int: 16    God:
Gold:   152        SH:  0    Dex: 12    Spells: 4/11 levels left

rFire   . . .      SeeInvis .     - Unarmed
rCold   . . .      Faith    .   (no shield)
rNeg    . . .      Spirit   .   (helmet restricted)
rPois   .          Reflect  .   (no amulet)
rElec   .          Harm     .   (no ring)
rCorr   .          Rampage  .   (no ring)
Will    .....                   (no ring)
Stlth   ++........              (no ring)
HPRegen 0.13/turn               (no ring)
MPRegen 0.12/turn               (no ring)
                                (no ring)
                                (no ring)

@: wereblooded (expiring)
A: almost no armour, amphibious, 8 rings, camouflage 1, gelatinous body 1,
(nimble swimmer 1), tentacles
a: no special abilities


You were in a sewer.
You visited 1 branch of the dungeon, and saw 5 of its levels.
You also visited: Sewer.

You collected 194 gold pieces.
You spent 42 gold pieces at shops.

Inventory:

Jewellery
 r - a ring of magical power
Wands
 l - a wand of polymorph (10)
Scrolls
 b - 2 scrolls of butterflies {unknown}
 e - 3 scrolls of poison {unknown}
 f - 10 scrolls of identify {unknown}
 g - 2 scrolls of blinking {unknown}
 h - 2 scrolls of vulnerability {unknown}
 i - a scroll of brand weapon {unknown}
 j - a scroll of amnesia {unknown}
 m - a scroll of enchant armour {unknown}
 n - a scroll of summoning {unknown}
 o - 2 scrolls of teleportation
 q - a scroll of silence {unknown}
Potions
 a - 2 potions of lignification
 c - a potion of haste {unknown}
 d - a potion of berserk rage {unknown}
 k - 2 potions of curing {unknown}
 p - 3 potions of mutation {unknown}
 s - a potion of flight {unknown}
 t - a potion of might {unknown}
 u - a potion of cancellation {unknown}


   Skills:
 + Level 2.8 Fighting
 + Level 3.3 Dodging
 + Level 4.1 Unarmed Combat
 * Level 3.4 Spellcasting
 * Level 3.6 Transmutations
 + Level 0.9 Ice Magic


You had 4 spell levels left.
You knew the following spells:

 Your Spells              Type           Power      Damage    Failure   Level
a - Beastly Appendage     Tmut           28%        N/A       4%          1
b - Wereblood             Tmut           14%        N/A       6%          2
c - Ice Form              Ice/Tmut       10%        N/A       56%         4

Your spell library contained the following spells:

 Spells                   Type           Power      Damage    Failure   Level
 Summon Small Mammal      Summ           8%         N/A       19%         1
 Scorch                   Fire           4%         2d5       26%         2
 Spider Form              Tmut/Pois      8%         N/A       26%         3
 Call Canine Familiar     Summ           2%         N/A       47%         3
 Summon Guardian Golem    Hex/Summ       2%         N/A       47%         3
 Flame Wave               Conj/Fire      2%         2d4       87%         4
 Summon Cactus Giant      Summ           1%         N/A       100%        6


Dungeon Overview and Level Annotations

Branches:
Dungeon (5/15)              Sewer (1/1)
 Temple: D:4-7

Altars:
Cheibriados

Shops:
D:4 ?


Innate Abilities, Weirdness & Mutations

You cannot wear most types of armour.
You are amphibious.
You can wear up to eight rings at the same time.
Your skin changes colour to match your surroundings (Stealth+).
Your rubbery body absorbs attacks. (AC +1, EV +1)
((You are camouflaged when in or above water. (Stealth+)))
You have tentacles for arms and can constrict up to eight enemies at once.


Message History

You bludgeon the endoplasm!
You kill the endoplasm!
You howl as the wereblood boils in your veins!
The ball python hisses angrily.
The jelly quivers.
You hear an angry hiss.
The ball python closely misses you. The ball python grabs you.
The ball python constricts you.
An adder comes into view.
You tentacle-slap the ball python.
You feel a bit better.
You kill the ball python!
You barely miss the river rat. Your grab misses the river rat.
You pierce the river rat.
The river rat is lightly wounded.
The river rat closely misses you.
You closely miss the river rat. You grab the river rat.
You pierce the river rat.
The river rat is moderately wounded.
You constrict the river rat, but do no damage.
The river rat bites you.
You release your grip on the river rat.
Your tentacle spike disappears.
The jelly attacks as you move away! The jelly barely misses you.
The jelly attacks as you move away! The jelly hits you.
You are splashed with acid!
You tentacle-slap the jelly.
Your tentacles burn!
The jelly is lightly wounded.
The jelly hits you.
You are splashed with acid.
You tentacle-slap the jelly.
Your tentacles burn!
* * * LOW HITPOINT WARNING * * *
The jelly is moderately wounded.
The jelly barely misses you. The river rat bites you!
* * * LOW HITPOINT WARNING * * *
The river rat attacks as you move away! The river rat barely misses you.
Your primal bloodlust is almost over.
There is a gate leading back out of this place here.
You howl as the wereblood boils in your veins!
The adder bites you.
You die...

#### ##.!.# #.....###
~.~~...~## #.~..~##
#~.~# ######.~## #~~.
##r~~.#~~~##....
##@SJ~~r..~#~~.# ~~
#.~.##...~~..~# ...
#~.##~~..~~~~##
..~~##.~#...##.~..#
#~...~.##.##~.~.~##
##..~.~.###~.~.~..##
####~.†~~~~~##.~.~###
##~~~.~.####~.~..##
####..##..##...~~#


You could see a jelly, an adder, a river rat and a rat.

Vanquished Creatures
  A scorpion (D:4)
  3 orc priests
  Terence (D:3)
  3 orc wizards
  4 adders
  3 worms
  A dart slug (D:1)
  13 orcs
  8 bats
  7 endoplasms
  4 giant cockroaches (Sewer)
  2 goblins
  3 hobgoblins
  6 jackals
  5 kobolds
  A quokka (D:1)
  12 ball pythons
  5 frilled lizards
  11 rats
93 creatures vanquished.

Notes
Turn   | Place    | Note
-------+----------+-------------------------------------------
     0 | D:1      | Axelsxxd the Octopode Transmuter began the quest for the
                  | Orb.
     0 | D:1      | Reached XP level 1. HP: 13/13 MP: 3/3
    16 | D:1      | Found a faded altar of an unknown god.
   173 | D:1      | Reached XP level 2. HP: 18/18 MP: 3/5
   242 | D:1      | Learned a level 2 spell: Wereblood
   734 | D:1      | Reached XP level 3. HP: 23/23 MP: 0/6
  1533 | D:2      | Reached XP level 4. HP: 17/29 MP: 7/7
  2187 | D:3      | Reached XP level 5. HP: 27/34 MP: 6/8
  2302 | D:3      | Noticed Terence
  2314 | D:3      | Killed Terence
  3488 | D:4      | Reached XP level 6. HP: 8/41 MP: 7/10
  3706 | D:3      | Learned a level 4 spell: Ice Form
  3728 | D:4      | Found Ypled's Magic Scroll Emporium.
  3846 | D:4      | Bought a scroll of teleportation for 42 gold pieces
  3867 | D:4      | Reached skill level 4 in Unarmed Combat
  4440 | D:4      | Found a snail-covered altar of Cheibriados.
  4461 | D:5      | Entered Level 5 of the Dungeon
  4518 | D:5      | Found a glowing drain.
  4527 | Sewer    | Entered a sewer
  4766 | Sewer    | Slain by an adder

Illustrated notes

Levels and vault maps discovered:
D:1:      ncdulo_watergridlock, layout_basic, hellmonk_ecumenical_altar_run_dry
D:2:      layout_loops_ring
D:3:      layout_basic, serial_bayou_pond_b, uniq_terence
D:4:      layout_rooms, kennysheep_little_box, serial_shops,
          nicolae_shop_statue_plus, grunt_decor_resistance,
          kennysheep_generic_room_8
D:5:      layout_loops_ring, vehumet_statue, temple_doors_cd,
          cheibrodos_sewer_entry_bend, uniq_prince_ribbit1
Sewer:    sewer_hellmonk_slimy_pipes

Skill      XL: |  1  2  3  4  5  6 |
---------------+-------------------+-----
Fighting       | 2 |  2.8
Transmutations | 3 |  3.6
Dodging        | 3 |  3.3
Spellcasting   | 3 |  3.4
Unarmed Combat | 4 |  4.1
Ice Magic      | |  0.9

Action                   |  1- 3 |  4- 6 || total
-------------------------+-------+-------++-------
Melee: Unarmed           |    74 |   114 ||   188
       Kick              |    20 |    34 ||    54
       Tentacles         |    12 |    26 ||    38
       Constrict         |    18 |    26 ||    44
       Punch             |       |     2 ||     2
 Cast: Beastly Appendage |    21 |    26 ||    47
       Wereblood         |     4 |     8 ||    12
 Stab: Sleeping          |     8 |     2 ||    10
Armor: Skin              |     5 |     5 ||    10
Dodge: Dodged            |    48 |    71 ||   119
